 Dungeon Crawl Stone Soup version 0.16-a0-2038-g968ce0a (webtiles) character file.

89 thegroundistoosoft the Insei (level 4, 0/35 HPs)
             Began as a Mummy Monk on Nov 11, 2014.
             Slain by an adder (2 damage)
             ... on level 3 of the Dungeon.
             The game lasted 00:09:08 (3011 turns).

thegroundistoosoft the Insei (Mummy Monk)           Turns: 3011, Time: 00:09:08

Health: 0/35       AC:  1    Str: 14    XL:     4   Next: 31%
Magic:  4/4        EV: 13    Int:  9    God:
Gold:   52         SH:  0    Dex: 15    Spells: 0 memorised, 3 levels left

rFire  x . .     SeeInvis .       - Unarmed
rCold  + . .     Clarity  .     (no armour)
rNeg   + + +     SustAb   .     (no shield)
rPois  +         Gourm    .     (no helmet)
rElec  .         Spirit   .     d - +0 cloak
rCorr  .         Warding  .     (no gloves)
rMut   .         Stasis   .     (no boots)
MR     .....                    (no amulet)
Stlth  ++........               (no ring)
                                (no ring)

@: not resistant to hostile enchantments, unstealthy
A: no food or potions, fire vulnerability, restore body, cold resistance 1,
negative energy resistance 3, poison resistance, torment resistance, unbreathing
a: no special abilities


You were on level 3 of the Dungeon.
You were not hungry.

You visited 1 branch of the dungeon, and saw 3 of its levels.

You collected 52 gold pieces.


Innate Abilities, Weirdness & Mutations

You do not eat or drink.
Your flesh is vulnerable to fire.
Your flesh is cold resistant.
You are immune to negative energy.
Your system is resistant to poisons.
You are immune to unholy pain and torment.
You can survive without breathing.


   Skills:
 - Level 3.0 Fighting
 - Level 2.4 Dodging
 - Level 1.5 Stealth
 + Level 4.8 Unarmed Combat


You had 3 spell levels left.
You didn't know any spells.

Inventory:

Armour
 d - a +0 cloak (worn)
Scrolls
 a - a scroll of remove curse
 h - a scroll of identify {unknown}
Potions
 c - 2 potions of porridge
Comestibles
 f - a slice of pizza (quivered)

Dungeon Overview and Level Annotations

Branches:
Dungeon (3/15)

Altars:
Qazlal

Annotations:
D:2 exclusion: upstairs
D:3 Ijyb

#.# #.#
#.# .
#.####.#
#..$.....
......>..
#..%.....
#S........
#@........
#.........
#........
#!.......
#........
#....(..
#######


You could see an adder.


Message History

Found four items.
Found a stone staircase leading down.
An adder comes into view.
Unknown command.
Unknown command.
Read which item? (? for menu, Esc to quit)
Okay, then.
You hit the adder.
The adder is moderately wounded.
The adder bites you but does no damage.
You closely miss the adder.
The adder is lightly wounded.
The adder misses you.
You hit the adder.
The adder is moderately wounded.
The adder bites you.
* * * LOW HITPOINT WARNING * * *
You barely miss the adder. Your punch misses the adder.
The adder is moderately wounded.
The adder closely misses you.
You hit the adder.
The adder is heavily wounded.
The adder closely misses you. The adder bites you but does no damage.
You hit the adder but do no damage.
The adder is heavily wounded.
The adder bites you.
* * * LOW HITPOINT WARNING * * *
You hit the adder.
The adder is heavily wounded.
The adder bites you.
You die...

Action                   |  1- 3 |  4- 6 || total
-------------------------+-------+-------++-------
Melee: Unarmed           |   147 |    46 ||   193
  Use: Scroll            |       |     4 ||     4
 Stab: Sleeping          |     1 |       ||     1

Vault maps used:
D:1:      dpeg_arrival_lava_altar
D:2:      dk_noncrumbling_3
D:3:      grunt_qazlal_sundering, okawaru_ov_weapons_minmay, serial_forest,
          infiniplex_forest_clump_long, infiniplex_forest_lined_2,
          infiniplex_forest_clump_curved, infiniplex_forest_corner_1,
          hex_intersection, xom_teletrap_fun, uniq_iyjb

Notes
Turn   | Place    | Note
--------------------------------------------------------------
     0 | D:1      | thegroundistoosoft, the Mummy Monk, began the quest for the Orb.
     0 | D:1      | Reached XP level 1. HP: 18/18 MP: 1/1
     7 | D:1      | Artagel: >Will you prevail where others have failed
     7 | D:1      | Artagel: well about that...
     7 | D:1      | INDEED
   665 | D:1      | Reached XP level 2. HP: 21/24 MP: 2/2
   774 | D:1      | thegroundistoosoft: you what
   774 | D:1      | Artagel: sup
   774 | D:1      | Artagel: casual d1 halberd
   774 | D:1      | thegroundistoosoft: jus
   774 | D:1      | thegroundistoosoft: pokin
   876 | D:2      | Artagel: cant even clear d1 in peace
  1018 | D:2      | Artagel: the pharoah is being tested at every step of the way
  1061 | D:2      | thegroundistoosoft: exp a crutch anyway
  1155 | D:2      | Reached skill level 4 in Unarmed Combat
  1467 | D:1      | Artagel: hm
  1493 | D:2      | Artagel: rat wall engaged
  1528 | D:2      | Reached XP level 3. HP: 12/29 MP: 3/3
  2034 | D:2      | Artagel: rip worm
  2036 | D:2      | thegroundistoosoft: the ultimate adventure
  2684 | D:2      | Reached XP level 4. HP: 33/35 MP: 4/4
  2760 | D:3      | Found a stormy altar of Qazlal.
  2975 | D:3      | Noticed Ijyb
  2978 | D:3      | Artagel: wat
  2978 | D:3      | Artagel: pls
  2978 | D:3      | thegroundistoosoft: :(
  2989 | D:3      | Artagel: so eh
  2997 | D:3      | Artagel: why are we meleeing a zerked ijyb
  2998 | D:3      | Artagel: instead of just going up
  2999 | D:3      | Artagel: ? :D
  3005 | D:3      | thegroundistoosoft: well I assumed he would actually deal regular zerk monster damage
  3005 | D:3      | thegroundistoosoft: so I thought he'd kill me on the way there
  3005 | D:3      | thegroundistoosoft: but rest assured other things will!
  3010 | D:3      | HP: 2/35 [adder (3)]
  3011 | D:3      | Slain by an adder

Vanquished Creatures
  3 adders (D:2)
  A giant mite (D:3)
  3 worms
  2 giant cockroaches
  9 hobgoblins
  5 kobolds
  2 ball pythons
  4 bats
  2 giant geckos
  2 goblins (D:2)
  6 rats
39 creatures vanquished.
